 Dungeon Crawl Stone Soup version 0.21.1-1-g345015f (webtiles) character file.

21 letownia2 the Stinger (level 2, 0/15 HPs)
             Began as a Gargoyle Venom Mage on Feb 13, 2018.
             Slain by an orc
             ... wielding a +0 hand axe
              (4 damage)
             ... on level 3 of the Dungeon.
             The game lasted 00:02:51 (394 turns).

letownia2 the Stinger (Gargoyle Venom Mage)          Turns: 394, Time: 00:02:51

Health: 0/15       AC:  6    Str: 11    XL:     2   Next: 83%
Magic:  1/5        EV: 11    Int: 15    God:
Gold:   45         SH:  0    Dex: 10    Spells: 2/5 levels left

rFire    . . .     SeeInvis .   e - +0 dagger
rCold    . . .     Gourm    .   (no shield)
rNeg     + . .     Faith    .   g - +0 leather armour (curse)
rPois    ∞         Spirit   .   j - +0 helmet
rElec    +         Reflect  .   (no cloak)
rCorr    .         Harm     .   (no gloves)
MR       .....                  (no boots)
Stlth    ++........             (no amulet)
HPRegen  0.05/turn              (no ring)
MPRegen  0.09/turn              (no ring)

@: no status effects
A: negative energy resistance 1, electricity resistance, unbreathing,
petrification resistance, rot immunity, AC +2
a: no special abilities


You were on level 3 of the Dungeon.
You were not hungry.

You visited 1 branch of the dungeon, and saw 4 of its levels.

You collected 45 gold pieces.

Inventory:

Hand Weapons
 e - a +0 dagger (weapon)
 k - a +0 hand crossbow
Armour
 a - a +0 robe
 g - a cursed +0 leather armour (worn)
 j - a +0 helmet (worn)
Scrolls
 d - a scroll of identify {unknown}
 h - a scroll of amnesia {unknown}
 i - a scroll of fear {unknown}
Potions
 f - a potion of cancellation {unknown}
Books
 b - a Young Poisoner's Handbook

   Spells                             Type                      Level
   a - Sting                          Conjuration/Poison           1
   b - Poisonous Vapours              Poison/Air                   2
   c - Mephitic Cloud                 Conjuration/Poison/Air       3
   d - Olgreb's Toxic Radiance        Poison                       4
   e - Venom Bolt                     Conjuration/Poison           5
Comestibles
 c - a ration


   Skills:
 - Level 1.5 Dodging
 - Level 2.1 Stealth
 - Level 2.0 Spellcasting
 + Level 3.0 Conjurations
 - Level 3.0 Poison Magic


You had 2 spell levels left.
You knew the following spells:

 Your Spells              Type           Power        Failure   Level  Hunger
a - Sting                 Conj/Pois      ##..         9%          1    #......
v - Poisonous Vapours     Pois/Air       #.....       24%         2    ###....


Dungeon Overview and Level Annotations

Branches:
Dungeon (4/15)
 Temple: D:4-7

Altars:

Annotations:
D:4 1994's ghost, novice TeSu


Innate Abilities, Weirdness & Mutations

You are resistant to torment.
Your stone body is resilient. (AC +2)
You are immune to poison.
You resist negative energy. (rN+)
You are resistant to electric shocks. (rElec)
You can survive without breathing.
You are immune to petrification.
You are immune to rotting.


Message History

Confirm with . or Enter, or press ? or * to list all spells.
Aiming: Sting
Press: ? - help, Shift-Dir - straight line, f/p - orc
Aim: an orc, wielding a hand axe and wearing a chain mail (moderately wounded)
The sting hits the orc.
The orc appears unharmed.
The orc is moderately wounded.
The orc barely misses you.
A wight comes into view. It is wielding a scimitar.
The wight moves out of view. 2 wights come into view.
The wight closely misses you.
The wight moves out of view.
The orc barely misses you. The orc hits you with a hand axe.
There is a stone staircase leading up here.
Found an escape hatch in the ceiling.
Found a war axe.
The wight misses you. The orc hits you with a hand axe.
* * * LOW HITPOINT WARNING * * *
The orc hits you with a hand axe.
You die...

# #. ## #.. ##..
# #.###.. .
#...#.# .
.#...### .
####.##...z#####
..........o@.<.#
#####.##.####..#
#.##.# ##.).#
#.#.<# ... ....
#####.#.##..#
... #$....z....#
.. #
#.........## .
... #.........#
.....###
##.########
........


You could see a wight and an orc.

Vanquished Creatures
  An adder (D:2)
  3 goblins
  A hobgoblin (D:1)
  3 jackals (D:2)
  3 rats
11 creatures vanquished.

Notes
Turn   | Place    | Note
-------+----------+-------------------------------------------
     0 | D:1      | letownia2 the Gargoyle Venom Mage began the quest for the Orb.
     0 | D:1      | Reached XP level 1. HP: 10/10 MP: 3/3
   139 | D:2      | Reached XP level 2. HP: 12/15 MP: 0/5
   162 | D:2      | Learned a level 2 spell: Poisonous Vapours
   354 | D:4      | Noticed 1994's ghost (novice TeSu)
   381 | D:3      | Noticed a wight
   382 | D:3      | Noticed a wight
   382 | D:3      | Noticed a wight
   394 | D:3      | Slain by an orc

Skill      XL: |  1  2 |
---------------+-------+-----
Conjurations   | 2 3 |  3.0
Dodging        | |  1.5
Stealth        | |  2.1
Spellcasting   | |  2.0
Poison Magic   | |  3.0

Action                   || total
-------------------------++-------
Melee: Dagger            ||     5
       Unarmed           ||     2
 Cast: Sting             ||    23
Armor: Robe              ||     8
       Leather armour    ||     7
Dodge: Dodged            ||    28
